 Dungeon Crawl Stone Soup version 0.24-a0-549-g45f0056d81 (webtiles) character file.

Game seed: 12584150039321650463

5626 DasRunzen the Fighter (level 10, 0/93 HPs)
             Began as a Minotaur Fighter on Aug 20, 2019.
             Was a Believer of Okawaru.
             Slain by Majang's ghost (13 damage)
             ... on level 9 of the Dungeon.
             The game lasted 00:19:28 (7990 turns).

DasRunzen the Fighter (Minotaur Fighter)            Turns: 7990, Time: 00:19:28

Health: 0/93       AC: 11    Str: 22    XL:     10   Next: 46%
Magic:  11/11      EV: 12    Int:  5    God:    Okawaru [**....]
Gold:   576        SH: 14    Dex: 12    Spells: 9/9 levels left

rFire    . . .     SeeInvis .   z - +1 war axe (elec)
rCold    . . .     Gourm    .   c - +0 shield
rNeg     . . .     Faith    .   b - +0 scale mail
rPois    .         Spirit   .   (helmet restricted)
rElec    .         Reflect  .   g - +0 cloak
rCorr    +         Harm     .   (no gloves)
MR       .....                  (no boots)
Stlth    +.........             (no amulet)
HPRegen  0.25/turn              o - ring of resist corrosion
MPRegen  0.12/turn              n - +1 ring of slaying (curse)

@: heroism, lightly drained
A: retaliatory headbutt, horns 2
a: Heroism, Renounce Religion


You were on level 9 of the Dungeon.
You worshipped Okawaru.
Okawaru was pleased with you.
You were not hungry.

You visited 2 branches of the dungeon, and saw 10 of its levels.

You collected 576 gold pieces.

Inventory:

Hand Weapons
 r - a cursed +0 long sword of flaming
 z - a +1 war axe of electrocution (weapon)
Armour
 b - a +0 scale mail (worn)
 c - a +0 shield (worn)
 g - a +0 cloak (worn)
Jewellery
 n - a cursed +1 ring of slaying (right hand)
 o - a ring of resist corrosion (left hand)
 x - a +1 ring of evasion {unknown}
Wands
 t - a wand of acid (4)
 u - a wand of scattershot (6)
 y - a wand of paralysis (11)
Scrolls
 m - 4 scrolls of teleportation
 p - 6 scrolls of remove curse
 q - a scroll of enchant weapon
 w - a scroll of identify
Potions
 a - 2 potions of heal wounds {unknown}
 d - a potion of invisibility
 e - 3 potions of agility
 h - 2 potions of flight
 i - 2 potions of magic
 j - 3 potions of curing
 k - 2 potions of resistance
 l - a potion of berserk rage {unknown}
 s - 3 potions of brilliance {unknown}
 v - a potion of lignification {unknown}
Comestibles
 f - 21 rations


   Skills:
 + Level 9.8(14.5) Fighting
 + Level 9.4(14.1) Axes
 + Level 9.7(14.5) Armour
 + Level 9.8(14.5) Shields
 + Level 3.9(3.7) Invocations


You had 9 spell levels left.
You didn't know any spells.
Your spell library was empty.

Dungeon Overview and Level Annotations

Branches:
Dungeon (9/15)             Temple (1/1) D:7            Lair (0/6) D:8
    Orc: D:9-12

Altars:
Ashenzari
Cheibriados
Dithmenos
Elyvilon
Fedhas
Gozag
Hepliaklqana
Kikubaaqudgha
Makhleb
Nemelex Xobeh
Okawaru
Qazlal
Ru
Sif Muna
Trog
Uskayaw
Vehumet
Wu Jian
Xom
Yredelemnul
Zin
The Shining One

Shops:
D:9 *

Annotations:
D:9 Majang's ghost, novice FoFi; hitsuchi's ghost, novice DrTm


Innate Abilities, Weirdness & Mutations

You reflexively headbutt those who attack you in melee.
You have a pair of horns on your head.


Message History

Majang's ghost is severely damaged.
You block Majang's ghost's attack.
Your scale mail prevents you from hitting Majang's ghost.
Majang's ghost is severely damaged.
You barely miss Majang's ghost.
Majang's ghost is severely damaged.
Majang's ghost hits you!
You hit Majang's ghost.
You headbutt Majang's ghost, but do no damage.
Majang's ghost is severely damaged.
You block Majang's ghost's attack.
You slash Majang's ghost!
Majang's ghost is severely damaged.
Majang's ghost hits you!!
* * * LOW HITPOINT WARNING * * *
You slash Majang's ghost!
You headbutt Majang's ghost, but do no damage.
Majang's ghost is almost destroyed.
Majang's ghost hits you!
You die...

#....####### ###.## #####.#
##.# #.# ##. #.# ######## #.#
#....... #.# #.#####. #.####
#.# #. #....############ #.#
#. ###.........@WW...## #.#
#.
#......########.#..###.#####.
#####......#
#..................
)..........#
#.#####'''#####.#.#
).....#.<..#
#.##.........##..##
.###.......#
#.##⌠.......⌠##..# .#
##.#..#.# #..#.........###.##
.####.#..#.#
####$...!....####.#
...........# ##8.....8##.....


You could see Majang's ghost and hitsuchi's ghost.

Vanquished Creatures
  A two-headed ogre (D:9)
  A troll (D:9)
  A polar bear (shapeshifter) (D:9)
  Prince Ribbit (D:7)
  4 porcupines (D:8)
  2 orc warriors
  A black bear (D:8)
  2 sky beasts
  A necrophage (D:9)
  2 phantoms (D:5)
  5 ogres
  2 crocodiles (D:8)
  5 bullfrogs
  A water moccasin zombie (D:3)
  7 scorpions
  5 killer bees (D:9)
  4 wights (D:7)
  4 howler monkeys
  3 crimson imps
  A quasit (D:6)
  7 hounds
  A jelly (D:8)
  4 orc priests
  11 orc wizards
  A centaur skeleton (D:7)
  3 iguanas
  8 worker ants
  2 hound zombies
  A hound skeleton (D:3)
  5 gnolls
  6 adders
  A shadow imp (D:8)
  4 oozes
  2 adder skeletons
  2 worms
  4 dart slugs
  4 leopard geckos
  27 orcs
  6 ball pythons
  5 giant cockroaches
  6 goblins
  7 hobgoblins
  6 jackals
  5 quokkas
  4 bats
  8 frilled lizards
  A jackal skeleton (D:4)
  8 kobolds
  A leopard gecko skeleton (D:3)
  5 rats
  2 plants (D:8)
210 creatures vanquished.

Vanquished Creatures (others)
  13 fungi (D:8)
  A plant (D:8)
  6 withered plants (D:9)
20 creatures vanquished.

Grand Total: 230 creatures vanquished

Notes
Turn   | Place    | Note
-------+----------+-------------------------------------------
     0 | D:1      | DasRunzen the Minotaur Fighter began the quest for the Orb.
     0 | D:1      | Reached XP level 1. HP: 19/19 MP: 0/0
    96 | D:1      | Reached XP level 2. HP: 26/27 MP: 1/1
   304 | D:1      | Reached XP level 3. HP: 33/33 MP: 2/2
   689 | D:2      | Reached XP level 4. HP: 18/40 MP: 3/3
  1514 | D:3      | Reached XP level 5. HP: 47/47 MP: 4/4
  1689 | D:3      | Reached skill level 5 in Fighting
  1689 | D:3      | Reached skill level 5 in Armour
  1689 | D:3      | Reached skill level 5 in Shields
  2036 | D:3      | Reached XP level 6. HP: 52/56 MP: 5/5
  2533 | D:4      | Found a basalt altar of Yredelemnul.
  2595 | D:4      | Found a shadowy altar of Dithmenos.
  2595 | D:4      | Found a bloodstained altar of Trog.
  2597 | D:4      | Found a shimmering blue altar of Sif Muna.
  3013 | D:5      | Entered Level 5 of the Dungeon
  3094 | D:5      | Reached skill level 5 in Axes
  3094 | D:5      | Reached XP level 7. HP: 62/62 MP: 6/6
  3100 | D:5      | Found a radiant altar of Vehumet.
  3768 | D:6      | Reached XP level 8. HP: 47/71 MP: 7/7
  4443 | D:7      | Noticed Prince Ribbit
  4462 | D:7      | Killed Prince Ribbit
  4470 | D:7      | Reached XP level 9. HP: 35/81 MP: 8/8
  4941 | D:7      | Found a radiant altar of Vehumet.
  4941 | D:7      | Found a sparkling altar of Nemelex Xobeh.
  5083 | D:7      | Found a staircase to the Ecumenical Temple.
  5090 | Temple   | Entered the Ecumenical Temple
  5094 | Temple   | Became a worshipper of Warmaster Okawaru
  5562 | D:8      | Reached skill level 1 in Invocations
  5654 | D:8      | Reached * piety under Okawaru
  6044 | D:8      | Found a staircase to the Lair.
  6530 | D:9      | Reached XP level 10. HP: 91/91 MP: 11/11
  6613 | D:9      | Found a runed translucent gate.
  6613 | D:9      | Found a runed translucent gate.
  6613 | D:9      | Found a runed translucent gate.
  6614 | D:9      | Noticed hitsuchi's ghost (novice DrTm)
  6615 | D:9      | Noticed Majang's ghost (novice FoFi)
  6798 | D:9      | Reached ** piety under Okawaru
  7100 | D:9      | Noticed a two-headed ogre
  7107 | D:9      | Killed a two-headed ogre
  7109 | D:9      | Found Dutul's Assorted Antiques.
  7990 | D:9      | Slain by Majang's ghost

Levels and vault maps discovered:
D:1:      sevenhm_arrival_forest_fort_small_6, layout_basic, minmay_ruptured
D:2:      layout_basic
D:3:      layout_loops_corners, kennysheep_cross_room, chequers_arboretum,
          grunt_ministairs_7
D:4:      layout_loops_ring, minitemple, lemuel_coloured_pillars_altar,
          first_ration
D:5:      minmay_general_purpose_star, layout_basic, basic_altar
D:6:      layout_rooms
D:7:      layout_rooms, gammafunk_temple_overflow_pools,
          minmay_temple_entry_nine_rooms, uniq_prince_ribbit1
D:8:      layout_rooms, due_lair_maze_entry_diamond
D:9:      cheibrodos_two_vegetables, layout_loops_corners,
          gammafunk_ghost_cemetery, serial_shops,
          nicolae_shop_overgrown_old_shop, grunt_ogre_cave
Temple:   compressed_dpeg_circular_temple

Skill      XL: |  1  2  3  4  5  6  7  8  9 10 |
---------------+-------------------------------+-----
Shields        | 4 5 6 7 9 |  9.8
Fighting       | 4 5 6 7 9 |  9.8
Armour         | 4 5 6 7 9 |  9.7
Axes           | 3 4 5 6 7 8 9 |  9.4
Invocations    | 2 3 |  3.9

Action                   |  1- 3 |  4- 6 |  7- 9 | 10-12 || total
-------------------------+-------+-------+-------+-------++-------
Melee: War axe           |    76 |   164 |   295 |    97 ||   632
       Headbutt          |    12 |    30 |    45 |    21 ||   108
Invok: Heroism           |       |       |       |     1 ||     1
  Use: Scroll            |     3 |     7 |     4 |       ||    14
       Potion            |       |       |     1 |       ||     1
  Eat: Chunk             |       |     7 |    11 |     2 ||    20
       Ration            |       |       |       |     1 ||     1
Armor: Scale mail        |    29 |    64 |   102 |    21 ||   216
Dodge: Dodged            |    18 |    48 |    76 |    26 ||   168
Block: Shield            |    47 |    76 |   172 |    50 ||   345

Table legend:
 A = Non-vault XP
 B = Vault XP
 C = Vault XP percentage of total XP
 D = Non-vault monster count
 E = Vault monster count
 F = Vault count percentage of total count
                 A         B        C        D         E       F
            +---------+---------+-------+---------+---------+-------
      Total |    5885 |    2153 |  26.8 |     186 |      22 |  10.6
            +---------+---------+-------+---------+---------+-------
        D:1 |      43 |       3 |   6.5 |      20 |       2 |   9.1
        D:2 |     131 |       0 |   0.0 |      24 |       0 |   0.0
        D:3 |     224 |       3 |   1.3 |      24 |       2 |   7.7
        D:4 |     142 |       0 |   0.0 |       9 |       0 |   0.0
        D:5 |     443 |     274 |  38.2 |      19 |       3 |  13.6
        D:6 |     616 |       0 |   0.0 |      19 |       0 |   0.0
        D:7 |    1303 |     283 |  17.8 |      29 |       1 |   3.3
        D:8 |     822 |    1150 |  58.3 |      25 |      10 |  28.6
        D:9 |    2161 |     440 |  16.9 |      17 |       4 |  19.0
            +---------+---------+-------+---------+---------+-------
